 Dungeon Crawl Stone Soup version 0.16-a0-395-g6404e95 (console) character file.

72 gw the Grasshopper (level 4, -1/23 HPs)
             Began as a Spriggan Warper on Sept 14, 2014.
             Slain by an orc
             ... wielding a +0 war axe
              (11 damage)
             ... on Level 3 of the Dungeon.
             The game lasted 00:02:05 (2473 turns).

gw the Grasshopper (Spriggan Warper)                Turns: 2473, Time: 00:02:05

HP  -1/23        AC  2     Str  7      XL: 4   Next:  7%
MP  11/14        EV 19     Int 15      God:
Gold 84          SH  0     Dex 15      Spells:  4 memorised,  2 levels left

rFire  . . .     SeeInvis +     a - +1 short sword
rCold  . . .     Clarity  .     b - +0 robe
rNeg   . . .     rCorr    .     (shield restricted)
rPois  .         rRot     .     (helmet restricted)
rElec  .         Spirit   .     (no cloak)
SustAb .         Warding  .     (gloves unavailable)
rMut   .         Stasis   .     (boots unavailable)
Gourm  .                        (no amulet)
MR     .....                    (no ring)
                                (no ring)

@: shrouded, starving, very quick, not resistant to hostile enchantments, very
unstealthy
A: unfitting armour, see invisible, herbivore 3, speed 3, slow metabolism 2
a: no special abilities


You were on level 3 of the Dungeon.
You were starving.

You visited 1 branch of the dungeon, and saw 3 of its levels.

You collected 84 gold pieces.

Inventory:

Hand weapons
 a - a +1 short sword (weapon)
Missiles
 e - 5 tomahawks of dispersal (quivered)
 g - 67 stones
Armour
 b - a +0 robe (worn)
Comestibles
 d - a royal jelly
 l - 3 fruits
Scrolls
 h - a scroll of identify
Potions
 f - a potion of porridge
 i - a potion of mutation {unknown}
Books
 c - a book of Spatial Translocations

   Spells                             Type                      Level
   *Apportation                       Translocation                1
   *Blink                             Translocation                2
   *Shroud of Golubria                Charms/Translocation         2
   *Portal Projectile                 Translocation                3
   Teleport Other                     Translocation                3
   Passage of Golubria                Translocation                4


   Skills:
 + Level 1.9 Fighting
 + Level 3.0 Short Blades
 - Level 1.1 Throwing
 + Level 4.4 Dodging
 * Level 3.6 Spellcasting
 + Level 4.8 Translocations


You had 2 spell levels left.
You knew the following spells:

 Your Spells              Type           Power        Failure   Level  Hunger
a - Apportation           Tloc           ###.......   2%          1    None
b - Blink                 Tloc           N/A          4%          2    ##.....
c - Shroud of Golubria    Chrm/Tloc      ##........   12%         2    ##.....
d - Portal Projectile     Tloc           ###...       10%         3    ###....


Dungeon Overview and Level Annotations

Branches:
Dungeon (3/15)

Altars:
Dithmenos


Innate Abilities, Weirdness & Mutations

You are tiny and cannot use many weapons and most armour.
You have supernaturally acute eyesight.
You are a herbivore.
You cover ground extremely quickly.
You need consume almost no food.


Message History

The orc is severely wounded.
The orc misses you. The orc hits you with a war axe.
Your shroud falls apart!
The orc closely misses you.
Casting: Shroud of Golubria
Confirm with . or Enter, or press ? or * to list all spells.
Space distorts slightly along a thin shroud covering your body.
The orc misses you. The orc closely misses you.
Your shroud bends the orc's attack away.
The orc completely misses you.
ATTACK MOVE TO (-1,-1)
You are starving!
You hit the orc but do no damage.
The orc is severely wounded.
The orc closely misses you. x2
ATTACK MOVE TO (-1,-1)
You hit the orc.
The orc is almost dead.
The orc closely misses you. The orc hits you with a war axe!
You die...

#.. ..#... ... #
..... .... ..
#...##.... .. ..
#......$. (.
...##......# ##..
...........# ....
......ooo...# #...
.......oi..# #...
....####...# ##...
##)############....
##[%# #.)....<.)...
##...####.#######..##
#....#....# ..>..
#......#### o.....
#.....## ......
#<...## o......


You could see 4 orcs.

Table legend:
 A = Turns spent in this place as a percentage of turns spent in the entire game.
 B = Non-inter-level travel turns spent in this place as a percentage of non-inter-level travel turns spent in the entire game.
 C = Inter-level travel turns spent in this place as a percentage of turns spent in this place.
 D = Turns resting spent in this place as a percentage of non-inter-level travel turns spent in this place.
 E = Turns spent auto-exploring this place as a percentage of non-inter-level travel turns spent in this place.
 F = Non-inter-level travel turns spent in this place divided by the number of levels of this place that you've seen.
                   A       B       C       D       E      F
               +-------+-------+-------+-------+-------+----------------------
         Total | 100.0 | 100.0 |   0.5 |   7.5 |   8.7 | 308.0
       Dungeon | 100.0 | 100.0 |   0.5 |   7.5 |   8.7 | 308.0
               +-------+-------+-------+-------+-------+----------------------

Table legend:
 A = Kills in this place as a percentage of kills in entire the game.
 B = Kills by you in this place as a percentage of kills by you in the entire game.
 C = Kills by friends in this place as a percentage of kills by friends in the entire game.
 D = Other kills in this place as a percentage of other kills in the entire game.
 E = Experience gained in this place as a percentage of experience gained in the entire game.
 F = Experience gained in this place divided by the number of levels of this place that you have seen.
                   A       B       C       D       E      F
               +-------+-------+-------+-------+-------+----------------------
         Total | 100.0 | 100.0 |  -nan |  -nan | 100.0 |  34.7
       Dungeon | 100.0 | 100.0 |  -nan |  -nan | 100.0 |  34.7
               +-------+-------+-------+-------+-------+----------------------

Vanquished Creatures
  2 adders (D:2)
  A giant gecko (D:1)
  An ooze (D:2)
  5 orcs (D:3)
  6 bats (D:1)
  4 giant cockroaches
  4 goblins
  6 hobgoblins (D:1)
  5 jackals
  2 ball pythons
  A kobold (D:2)
  3 rats
40 creatures vanquished.

Notes
Turn   | Place    | Note
--------------------------------------------------------------
     0 | D:1      | gw, the Spriggan Warper, began the quest for the Orb.
     0 | D:1      | Reached XP level 1. HP: 10/10 MP: 4/4
   682 | D:1      | Reached XP level 2. HP: 11/14 MP: 8/8
   760 | D:1      | Learned a level 2 spell: Blink
   763 | D:1      | Learned a level 2 spell: Shroud of Golubria
  1396 | D:1      | Reached XP level 3. HP: 18/18 MP: 11/11
  1401 | D:1      | Learned a level 3 spell: Portal Projectile
  1420 | D:2      | Found a shadowy altar of Dithmenos.
  2288 | D:3      | Reached XP level 4. HP: 15/23 MP: 8/14
  2473 | D:3      | Slain by an orc

Action                   |  1- 3 |  4- 6 || total
-------------------------+-------+-------++-------
Melee: Short sword       |   202 |    17 ||   219
 Cast: Shroud of Golubri |    30 |     3 ||    33
  Use: Scroll            |     7 |       ||     7
       Potion            |     3 |       ||     3

Vault maps used:
D:1:      dpeg_arrival_pond
D:2:      nicolae_dithmenos_through_a_glass_darkly
D:3:      lemuel_crystal_altar
